 Dungeon Crawl Stone Soup version 0.20.1-1-g8b1a95d (webtiles) character file.

463 Folque the Magician (level 7, -9/46 HPs)
             Began as an Octopode Wizard on Nov 5, 2017.
             Killed by divine providence
             ... invoked by an orc priest
              (10 damage)
             ... on level 4 of the Dungeon.
             The game lasted 00:18:07 (3389 turns).

Folque the Magician (Octopode Wizard)               Turns: 3389, Time: 00:18:10

Health: -9/46      AC:  2    Str:  7    XL:     7   Next: 7%
Magic:  0/16       EV: 13    Int: 22    God:
Gold:   211        SH:  0    Dex: 10    Spells: 10/18 levels left

rFire    . . .     SeeInvis .   p - +1 flail (crush)
rCold    . . .     Gourm    .   (no shield)
rNeg     . . .     Faith    .   a - +1 hat
rPois    .         Spirit   .   (no amulet)
rElec    .         Reflect  .   i - ring of resist corrosion
rCorr    +         Harm     .   k - ring of flight
MR       .....                  (no ring)
Stlth    +++.......             (no ring)
Regen    0.2/turn               (no ring)
MPRegen  0.2/turn               (no ring)
                                (no ring)
                                (no ring)

@: very slightly contaminated
A: almost no armour, stealthy swim, amphibious, 8 rings, constrict 8, camouflage
1, gelatinous body 1
a: Evoke Flight


You were on level 4 of the Dungeon.
You were not hungry.

You visited 1 branch of the dungeon, and saw 4 of its levels.

You collected 211 gold pieces.

Inventory:

Hand Weapons
 e - a +0 halberd
 g - a +0 whip
 j - a +0 spear
 p - a +1 flail of crushing (weapon)
Armour
 a - a +1 hat (worn)
Jewellery
 i - a ring of resist corrosion (left tentacle)
 k - a ring of flight (right tentacle)
 l - an uncursed amulet of faith {unknown}
 n - an uncursed ring of magical power {unknown}
 r - an uncursed ring of wizardry {unknown}
 w - a cursed amulet of inaccuracy {unknown}
Scrolls
 d - 3 scrolls of identify
 h - a scroll of enchant armour
Potions
 m - a potion of berserk rage {unknown}
 q - 5 potions of heal wounds {unknown}
 s - a potion of degeneration {unknown}
 x - a potion of might {unknown}
Books
 b - a book of Minor Magic

   Spells                             Type                      Level
   a - Magic Dart                     Conjuration                  1
   b - Blink                          Translocation                2
   c - Call Imp                       Summoning                    2
   d - Slow                           Hexes                        2
   e - Conjure Flame                  Conjuration/Fire             3
   f - Mephitic Cloud                 Conjuration/Poison/Air       3
Comestibles
 c - 4 bread rations
 f - 8 chunks of flesh
 o - 3 fruits
 t - 2 royal jellies
 u - a meat ration


   Skills:
 - Level 3.1 Fighting
 - Level 2.0 Dodging
 - Level 2.6 Stealth
 + Level 6.0 Spellcasting
 * Level 5.7 Conjurations
 - Level 3.4 Summonings
 - Level 3.3 Translocations
 - Level 3.9 Poison Magic


You had 10 spell levels left.
You knew the following spells:

 Your Spells              Type           Power        Failure   Level  Hunger
a - Magic Dart            Conj           ####         1%          1    None
b - Call Imp              Summ           ###.....     3%          2    None
c - Blink                 Tloc           N/A          3%          2    None
d - Mephitic Cloud        Conj/Pois/Air  ###.....     7%          3    #......


Dungeon Overview and Level Annotations

Branches:
Dungeon (4/15)
 Temple: D:4-7

Altars:
Ashenzari
Gozag
Hepliaklqana
Kikubaaqudgha
Makhleb
Okawaru
Qazlal
Uskayaw

Shops:
D:4 =

Annotations:
D:4 Grinder; Thaneod's ghost, amateur MiGl


Innate Abilities, Weirdness & Mutations

You cannot wear most types of armour.
You are very stealthy in the water. (Stealth+)
You are amphibious.
You can wear up to eight rings at the same time.
You can use your tentacles to constrict eight enemies at once.
Your skin changes colour to match your surroundings (Stealth+).
Your rubbery body absorbs attacks. (AC +1, EV +1)


Message History

You feel aware of your surroundings.
You sensed 1 altar.
It was a scroll of magic mapping.
Grinder hits you!
* * * LOW HITPOINT WARNING * * *
You writhe in agony.
* * * LOW HITPOINT WARNING * * *
Casting: Blink
Confirm with . or Enter, or press ? or * to list all spells.
You miscast Blink.
You are very lightly contaminated with residual magic.
You feel uncomfortable. The orc hits you with a flail.
* * * LOW HITPOINT WARNING * * *
Thaneod's ghost hits something but does no damage.
Grinder closely misses you.
Casting: Blink
Confirm with . or Enter, or press ? or * to list all spells.
You blink.
The orc priest seems less confused.
The orc priest hits you.
* * * LOW HITPOINT WARNING * * *
The orc priest invokes the aid of Beogh against you.
Beogh smites you!
You die...

##.#.#####.#.##..)..##.###.#
#..........#.##..<..##..##:#
#...########.##########.##.#
#............# #..#.#
#...########## ####.#.#
#####################......#
*,,.,..%.............###..#
*,,#...#.o.#...#...#.# #..#
*_,.......@...W5.....# ##.#
*,,#...#/..#oo5#...### #.#
*,,.,......(.o.ยง....# #.#
****################# #.#
*.# *,> *****, *,,,*, *,*,*,


You could see Grinder, 2 orc priests, an orc wizard (confused), Thaneod's ghost,
an orc and a friendly crimson imp.

Vanquished Creatures
  A hound (D:4)
  An orc priest (D:4)
  An orc wizard (D:4)
  2 worker ants
  A hound skeleton (D:4)
  Robin (D:3)
  3 gnolls (D:2)
  3 adders
  An ooze (D:3)
  2 leopard geckos
  5 orcs
  5 bats
  2 bat skeletons (D:2)
  3 bat zombies (D:2)
  3 giant cockroaches
  12 goblins
  4 hobgoblins
  5 jackals
  5 kobolds
  A ball python (D:4)
  2 frilled lizards
  9 rats
72 creatures vanquished.

Vanquished Creatures (collateral kills)
  An ice beast (D:4)
  2 vampire bats (D:2)
  A hound (D:3)
  A gnoll (D:2)
  3 adders (D:2)
  An ooze (D:1)
  A worm (D:4)
  A bat zombie (D:2)
  6 goblins (D:3)
  3 hobgoblins (D:3)
  A jackal (D:1)
  2 quokkas
  A bat (D:2)
24 creatures vanquished.

Grand Total: 96 creatures vanquished

Notes
Turn   | Place    | Note
-------+----------+-------------------------------------------
     0 | D:1      | Folque the Octopode Wizard began the quest for the Orb.
     0 | D:1      | Reached XP level 1. HP: 11/11 MP: 4/4
   319 | D:1      | Reached skill level 1 in Fighting
   515 | D:1      | Reached XP level 2. HP: 18/18 MP: 3/6
   522 | D:1      | Learned a level 2 spell: Call Imp
   525 | D:1      | Learned a level 2 spell: Blink
  1166 | D:2      | Reached skill level 5 in Spellcasting
  1166 | D:2      | Reached XP level 3. HP: 21/24 MP: 6/9
  1174 | D:2      | Learned a level 3 spell: Mephitic Cloud
  1226 | D:2      | Found an iron altar of Okawaru.
  1249 | D:2      | Reached XP level 4. HP: 29/29 MP: 9/11
  1455 | D:2      | Found an ancient bone altar of Kikubaaqudgha.
  1500 | D:2      | Reached XP level 5. HP: 20/35 MP: 11/13
  1959 | D:2      | Found a stormy altar of Qazlal.
  2008 | D:2      | Found a hide-covered altar of Uskayaw.
  2411 | D:3      | Noticed Robin
  2426 | D:3      | Reached XP level 6. HP: 20/42 MP: 11/14
  2427 | D:3      | Killed Robin
  2461 | D:3      | Found a burning altar of Makhleb.
  2562 | D:3      | Found an opulent altar of Gozag.
  2611 | D:3      | Reached skill level 5 in Conjurations
  2717 | D:4      | Found Lashen's Jewellery Emporium.
  2734 | D:4      | Noticed an ice beast
  2773 | D:4      | Killed an ice beast
  3060 | D:4      | Found a shattered altar of Ashenzari.
  3185 | D:4      | Reached XP level 7. HP: 43/46 MP: 15/15
  3202 | D:4      | Reached skill level 6 in Spellcasting
  3284 | D:4      | Found a hazy altar of Hepliaklqana.
  3377 | D:4      | Noticed Thaneod's ghost (amateur MiGl)
  3383 | D:4      | Noticed Grinder
  3388 | D:4      | HP: 2/46 [orc/flail (4)]
  3389 | D:4      | Killed from afar by an orc priest

Skill      XL: |  1  2  3  4  5  6  7 |
---------------+----------------------+-----
Fighting       | 1 2 3 |  3.1
Spellcasting   | 5 6 |  6.0
Conjurations   | 4 5 |  5.7
Summonings     | 3 |  3.4
Translocations | 3 |  3.3
Poison Magic   | 3 |  3.9
Dodging        | |  2.0
Stealth        | |  2.6

Action                   |  1- 3 |  4- 6 |  7- 9 || total
-------------------------+-------+-------+-------++-------
Melee: Unarmed           |    16 |       |       ||    16
       Constrict         |    14 |    29 |     3 ||    46
       Whip              |    31 |       |       ||    31
       Tentacles         |     5 |    10 |     1 ||    16
       Spear             |     1 |    44 |       ||    45
       Flail             |       |    68 |     9 ||    77
       Halberd           |       |    19 |       ||    19
 Cast: Magic Dart        |     7 |    14 |       ||    21
       Call Imp          |     3 |    17 |     2 ||    22
       Mephitic Cloud    |     1 |    10 |     2 ||    13
       Blink             |       |     3 |     3 ||     6
  Use: Scroll            |     1 |     5 |     3 ||     9
       Potion            |     1 |       |       ||     1
 Stab: Sleeping          |     6 |     5 |       ||    11
       Confused          |       |     1 |       ||     1
  Eat: Chunk             |     1 |     7 |       ||     8
Armor: Skin              |    12 |    13 |     1 ||    26
Dodge: Dodged            |    39 |    88 |     7 ||   134
